 Dungeon Crawl Stone Soup version 0.23-a0-619-g281719c6f9 (webtiles) character file.

48 Maize the Skirmisher (level 3, -6/34 HPs)
             Began as a Minotaur Fighter on Dec 22, 2018.
             Mangled by a gnoll
             ... wielding a +0 flail
              (10 damage)
             ... on level 2 of the Dungeon.
             The game lasted 00:01:42 (553 turns).

Maize the Skirmisher (Minotaur Fighter)              Turns: 553, Time: 00:01:43

Health: -6/34      AC:  6    Str: 21    XL:     3   Next: 50%
Magic:  2/2        EV:  9    Int:  5    God:
Gold:   38         SH:  0    Dex:  9    Spells: 2/2 levels left

rFire    . . .     SeeInvis .   a - +0 war axe
rCold    . . .     Gourm    .   (no shield)
rNeg     . . .     Faith    .   b - +0 scale mail
rPois    .         Spirit   .   (helmet restricted)
rElec    .         Reflect  .   (no cloak)
rCorr    .         Harm     .   (no gloves)
MR       .....                  (no boots)
Stlth    ..........             (no amulet)
HPRegen  0.11/turn              (no ring)
MPRegen  0.08/turn              (no ring)

@: no status effects
A: retaliatory headbutt, horns 2
a: no special abilities


You were on level 2 of the Dungeon.
You were not hungry.

You visited 1 branch of the dungeon, and saw 2 of its levels.

You collected 38 gold pieces.

Inventory:

Hand Weapons
 a - a +0 war axe (weapon)
Armour
 b - a +0 scale mail (worn)
Scrolls
 e - 2 scrolls of teleportation {unknown}
 h - a scroll of identify {unknown}
Potions
 d - a potion of might
 g - 2 potions of curing {unknown}
 i - a potion of resistance {unknown}
 j - a potion of agility {unknown}
Comestibles
 c - 5 chunks of flesh
 f - 3 rations


   Skills:
 + Level 4.3 Fighting
 * Level 4.2 Axes
 - Level 3.6 Armour
   Level 3.6 Shields


You had 2 spell levels left.
You didn't know any spells.
Your spell library was empty.

Dungeon Overview and Level Annotations

Branches:
Dungeon (2/15)

Altars:


Innate Abilities, Weirdness & Mutations

You reflexively headbutt those who attack you in melee.
You have a pair of horns on your head.


Message History

* * * LOW HITPOINT WARNING * * *
The gnoll hits you from afar with a +0 spear.
* * * LOW HITPOINT WARNING * * *
The adder hisses angrily.
You hit the gnoll but do no damage.
The gnoll is almost dead.
The gnoll barely misses you.
A gnoll comes into view. It is wielding a +0 whip.
The gnoll hits you from afar with a +0 spear!
* * * LOW HITPOINT WARNING * * *
You slash the gnoll!
You kill the gnoll!
You barely miss the worm. You barely miss the gnoll.
The gnoll barely misses you. The gnoll hits you but does no damage.
The worm bites you but does no damage.
Some of the chunks of flesh in your inventory have rotted away.
You slash the gnoll! You headbutt the gnoll.
The gnoll is severely wounded.
You slash the worm! The gnoll hits you with a +0 flail!
You die...

# ####... #...........
........ .....#.....###.
........ ..#.#.........
........ .....#.......
.......# #......S....
.......# #.##...g.......
.......###.##.#g)%......
.........#.....)@w......
.#####......#.##........
.######....##.###.......
........#..##.###.......
.######.........####...#
.# ##....)...# ##.# .#
#........# # ##
#........# #........#


You could see a worm, 2 gnolls and an adder.

Vanquished Creatures
  A gnoll (D:2)
  An ooze (D:2)
  2 dart slugs
  2 bats
  2 giant cockroaches (D:1)
  6 goblins (D:1)
  6 hobgoblins
  3 kobolds
  A frilled lizard (D:1)
  A rat (D:1)
25 creatures vanquished.

Notes
Turn   | Place    | Note
-------+----------+-------------------------------------------
     0 | D:1      | Maize the Minotaur Fighter began the quest for the Orb.
     0 | D:1      | Reached XP level 1. HP: 19/19 MP: 0/0
    72 | D:1      | Reached XP level 2. HP: 27/27 MP: 1/1
   526 | D:2      | Reached XP level 3. HP: 27/33 MP: 2/2
   553 | D:2      | Mangled by a gnoll

Vault maps used:
D:1:      lightli_arrival_chessboard
D:2:      first_ration, minmay_octomino_c4

Skill      XL: |  1  2  3 |
---------------+----------+-----
Axes           | 3 4 |  4.2
Fighting       | 4 |  4.3
Armour         | |  3.6
Shields        | |  3.6

Action                   || total
-------------------------++-------
Melee: War axe           ||    47
       Headbutt          ||     7
Armor: Scale mail        ||    19
Dodge: Dodged            ||    17

Table legend:
 A = Non-vault XP
 B = Vault XP
 C = Vault XP percentage of total XP
 D = Non-vault monster count
 E = Vault monster count
 F = Vault count percentage of total count
                 A         B        C        D         E       F
            +---------+---------+-------+---------+---------+-------
      Total |      69 |       0 |   0.0 |      25 |       0 |   0.0
            +---------+---------+-------+---------+---------+-------
        D:1 |      36 |       0 |   0.0 |      18 |       0 |   0.0
        D:2 |      33 |       0 |   0.0 |       7 |       0 |   0.0
            +---------+---------+-------+---------+---------+-------
